 Dungeon Crawl Stone Soup version 0.30-a0-777-ga9a30cbeda (webtiles) character file.

Game seed: 11307819461813702080

60265 Smoke131 the Deadly Accurate (level 14, -14/127 HPs)
             Began as an Ogre Gladiator on Feb 15, 2023.
             Was the Champion of Okawaru.
             Demolished by a spriggan rider
             ... wielding a +0 spear
              (26 damage)
             ... on level 1 of the Swamp.
             The game lasted 01:51:09 (22741 turns).

Smoke131 the Deadly Accurate (Ogre Gladiator)      Turns: 22741, Time: 01:51:10

Health: -14/127    AC:  7    Str: 21    XL:     14   Next: 98%
Magic:  20/21      EV: 12    Int:  9    God:    Okawaru [******]
Gold:   1024       SH:  5    Dex: 26    Spells: 21/23 levels left

rFire   . . .      SeeInvis +    h - +8 quarterstaff of Vebaf {elec, rC+ Dex+3 SInv Stlth+}
rCold   + . .      Faith    .    (shield currently unavailable)
rNeg    . . .      Spirit   .    p - +0 troll leather armour
rPois   .          Reflect  +    c - +1 hat
rElec   .          Harm     .    C - +0 cloak "Foplykk" {Dex+3}
rCorr   .          Rampage  .    (gloves unavailable)
Will    +....                    (boots unavailable)
Stlth   +++                      z - amulet of reflection
HPRegen 1.21/turn                r - ring of flight
MPRegen 0.17/turn                I - +6 ring of dexterity

@: about to teleport, finesse-ful, flying, invisible (expiring)
A: large, unfitting armour, tough skin 1
a: Renounce Religion, Heroism, Finesse, Duel


You were on level 1 of the Swamp.
You worshipped Okawaru.
Okawaru was exalted by your worship.
You visited 5 branches of the dungeon, and saw 18 of its levels.
You also visited: Ossuary.

You collected 1592 gold pieces.
You spent 568 gold pieces at shops.

Inventory:

Hand Weapons
 h - the +8 quarterstaff of Vebaf (weapon) {elec, rC+ Dex+3 SInv Stlth+}
   (You found it on level 9 of the Dungeon)

   Dex:       It affects your dexterity (+3).
   rC:        It protects you from cold.
   SInv:      It lets you see invisible.
   Stlth:     It makes you more stealthy.
 i - a +1 short sword of holy wrath
Missiles
 e - a throwing net (quivered)
 g - 32 stones
 j - 25 poisoned darts
 y - 2 javelins
 A - 2 boomerangs of dispersal
 G - 4 atropa-tipped darts
 K - a silver boomerang
 M - 3 datura-tipped darts
Armour
 c - a +1 hat (worn)
 p - a +0 troll leather armour (worn)
 C - the +0 cloak "Foplykk" (worn) {Dex+3}
   (You found it on level 1 of the Lair of Beasts)

   Dex:       It affects your dexterity (+3).
 D - a +1 cloak
Jewellery
 r - a ring of flight (left hand)
 v - a ring of ice
 z - an amulet of reflection (around neck)
 I - a +6 ring of dexterity (right hand)
 O - a ring of poison resistance
Wands
 a - a wand of polymorph (11)
 b - a wand of flame (10)
 q - a wand of iceblast (3)
 s - a wand of quicksilver (5)
 F - a wand of mindburst (10)
Scrolls
 n - a scroll of identify
 E - 3 scrolls of amnesia
 H - 2 scrolls of brand weapon
 P - a scroll of enchant weapon
 Q - a scroll of magic mapping
 R - a scroll of silence
Potions
 k - 10 potions of curing
 l - a potion of might
 o - 4 potions of magic
 t - 2 potions of invisibility
 u - 3 potions of flight
 w - 4 potions of mutation
 x - 4 potions of brilliance
 B - 4 potions of cancellation
 J - a potion of resistance
 L - 2 potions of berserk rage


   Skills:
 + Level 5.0 Fighting
 - Level 3.0(9.4) Polearms
 - Level 13.8(14.0) Staves
 - Level 20.0 Throwing
 + Level 4.0 Dodging
 - Level 5.0 Spellcasting
 - Level 6.0 Translocations
 - Level 10.0 Invocations


You had 21 spell levels left.
You knew the following spells:

 Your Spells              Type           Power      Damage    Failure   Level
a - Blink                 Tloc           26%        N/A       3%          2

Your spell library contained the following spells:

 Spells                   Type           Power      Damage    Failure   Level
 Lesser Beckoning         Tloc           26%        N/A       3%          2
 Momentum Strike          Conj/Tloc      14%        3d8       12%         2
 Passage of Golubria      Tloc           13%        N/A       24%         4
 Freeze                   Ice            8%         1d3       28%         1
 Magic Dart               Conj           8%         1d3       28%         1
 Searing Ray              Conj           4%         2d4       38%         2
 Frozen Ramparts          Ice            4%         1d1       63%         3
 Hailstorm                Conj/Ice       2%         3d3       63%         3
 Fulminant Prism          Conj/Hex       1%         3d5       95%         4
 Yara's Violent Unravell  Hex/Tmut       1%         3d3       100%        5
 Tukima's Dance           Hex            Unusable   N/A       N/A         3

Dungeon Overview and Level Annotations

Branches:
Dungeon (9/15)             Temple (1/1) D:4            Lair (5/5) D:9
  Swamp (1/4) Lair:2       Spider (0/4) Lair:2        Slime (0/5) Lair:4
    Orc (2/2) D:9             Elf (0/3) Orc:2       Ossuary (visited)

Altars:
Ashenzari
Cheibriados
Dithmenos
Elyvilon
Fedhas
Gozag
Hepliaklqana
Kikubaaqudgha
Makhleb
Nemelex Xobeh
Okawaru
Qazlal
Ru
Sif Muna
Trog
Uskayaw
Vehumet
Wu Jian
Xom
Yredelemnul
Zin
The Shining One
Lugonu

Shops:
D:2 ?   D:3 (   Orc:2 :(![

Portals:
Abyss: Lair:5


Innate Abilities, Weirdness & Mutations

You are too large for most types of armour.
You have tough skin. (AC +1)


Message History

The spriggan rider hits the goliath frog with a +0 spear!
The spriggan rider hits the goliath frog from afar with a +0 spear!
The spriggan rider hits the goliath frog from afar with a +0 spear!!
The goliath frog dies!
Okawaru accepts your kill. Okawaru grants you throwing weapons!
Something appears at your feet!
You hear a splash.
Your Fighting skill increases to level 5!
Your Dodging skill increases to level 4!
You see here 2 large rocks.
d - 2 large rocks Throw: 2 large rocks
Press: ? - help, Q - select action, (/) - cycle Shift-Dir - straight line, f/p - spriggan rider
Aim: a spriggan rider, wielding a +0 spear and wearing a +0 buckler (fast, strong, frenzied and insane, 56% to hit)
You throw a large rock.
The large rock misses the spriggan rider.
Throw: large rock
Press: ? - help, Q - select action, (/) - cycle Shift-Dir - straight line, f/p - spriggan rider
Aim: a spriggan rider, wielding a +0 spear and wearing a +0 buckler (fast, strong, frenzied and insane, 56% to hit)
You throw a large rock.
The spriggan rider blocks the large rock.
You hear a splash.
The spriggan rider hits you from afar with a +0 spear!
* * * LOW HITPOINT WARNING * * *
You feel much better.
The spriggan rider hits you from afar with a +0 spear!!
* * * LOW HITPOINT WARNING * * *
The spriggan rider hits you from afar with a +0 spear!!
* * * LOW HITPOINT WARNING * * *
You feel much better.
You flicker for a moment.
The spriggan rider hits you from afar with a +0 spear!
* * * LOW HITPOINT WARNING * * *
As you read the scroll of teleportation, it crumbles to dust.
You feel strangely unstable.
The spriggan rider hits you from afar with a +0 spear!!
* * * LOW HITPOINT WARNING * * *
The spriggan rider hits you from afar with a +0 spear!!
You die...

♣♣~~.♣♣♣♣..~~♣...♣♣ ♣♣♣
♣..~~♣♣~.~~~§~~~♣..
♣♣..♣♣♣♣.~♣[..~.~♣~~~.~~[~
♣♣...~§..~~~~§~§.~~~§♣.~~.~
♣♣.§~≈≈~~§...~~~~§~♣~~~~..~♣
♣.~≈≈≈≈≈~≈./...~§.~~~~...~~§
♣.~≈≈≈≈~≈≈~~.~..~...♣~~§...~
♣§≈≈≈§.§≈≈~..~~~~♣♣.~~.~.~~.
♣~~≈≈~<§≈≈~@.~~.♣♣♣.~♣...~§.
♣.§≈≈~..≈≈~~§~~.♣♣♣)~~.~~§~.
♣.~≈≈≈≈≈≈≈~~i.~♣♣♣~.♣~.~~~~~
♣..≈≈≈≈≈≈~..§.~♣♣..†.§~~§.~~
♣♣~~~~≈≈~~÷~(~.♣..~~.~~.♣...
♣♣.~.~.......††~~~~.♣~..♣♣~
♣♣♣♣♣♣♣♣>♣♣♣.~~.~...~♣~♣♣.
♣.♣ ♣♣(..♣♣♣♣♣~.♣♣♣ ♣♣♣
♣~.♣♣ ♣~♣♣ ♣


You could see a neutral spriggan rider (fast, strong, insane).

Vanquished Creatures
  An eleionoma (Swamp:1)
  3 bunyips (Swamp:1)
  An ettin (Orc:2)
  6 hydras
  An ogre mage (Orc:2)
  6 death yaks
  11 two-headed ogres
  The ghost of Palms the Fighter, a novice FoEE of Ashenzari (D:8)
  A boulder beetle (Lair:5)
  2 thrashing horrors (Lair:5)
  An iron troll (Orc:2)
  A deep troll (Orc:2)
  3 goliath frogs (Swamp:1)
  2 cyclopes (Orc:2)
  A salamander (shapeshifter) (Lair:5)
  2 black mambas (Lair:1)
  A torpor snail (Lair:3)
  2 smoke demons (Lair:5)
  A kobold demonologist (D:6)
  4 komodo dragons
  7 cane toads
  A rime drake (Lair:1)
  4 ancient zymes (Lair:5)
  3 polar bears
  11 trolls
  2 hornets
  A bloated husk (Swamp:1)
  A hornet (shapeshifter) (Lair:5)
  23 blink frogs
  A tyrant leech (Swamp:1)
  A wraith (D:9)
  A ynoxinul (Lair:5)
  A jumping spider (Lair:2)
  2 spriggans
  31 yaks
  3 chaos spawn (Lair:5)
  A wyvern (Lair:2)
  5 basilisks
  7 steam dragons
  4 vampire mosquitoes (Swamp:1)
  5 wargs
  3 swamp worms (Swamp:1)
  3 large abominations (Lair:5)
  11 water moccasins
  13 orc warriors
  A sky beast (D:8)
  A swamp drake (Swamp:1)
  2 black bears
  3 ice beasts
  26 wolves
  22 ogres
  3 centaurs
  A kobold brigand (D:8)
  A phantom (D:6)
  9 bullfrogs
  An elf zombie (Ossuary)
  2 necrophages
  A gnoll sergeant (D:8)
  3 scorpions
  10 small abominations (Lair:5)
  4 wights (D:6)
  A hornet simulacrum (D:8)
  2 howler monkeys
  6 electric eels
  A centaur zombie (Ossuary)
  8 hounds
  A jelly (D:6)
  A human zombie (Ossuary)
  15 orc priests
  28 orc wizards
  2 mummies (Ossuary)
  8 gnolls
  5 adders
  A shadow imp (D:7)
  3 white imps
  2 ufetubi (D:5)
  2 adder zombies (Ossuary)
  3 worms
  3 dart slugs
  59 orcs
  12 ball pythons
  8 bats
  7 endoplasms
  8 giant cockroaches
  7 goblins
  4 hobgoblins
  6 jackals
  17 kobolds
  5 quokkas
  A frilled lizard (D:1)
  2 goblin zombies (Ossuary)
  8 hobgoblin zombies (Ossuary)
  2 jackal zombies (Ossuary)
  11 kobold zombies (Ossuary)
  7 orc zombies (Ossuary)
  4 rats
  2 rat zombies (Ossuary)
548 creatures vanquished.

Vanquished Creatures (collateral kills)
  2 death yaks (Lair:5)
  A goliath frog (Swamp:1)
  A water moccasin (Lair:5)
4 creatures vanquished.

Vanquished Creatures (others)
  A death yak (Lair:5)
  A bloated husk (Swamp:1)
  A swamp worm (Swamp:1)
  An orc (D:8)
  7 fungi
  8 plants
19 creatures vanquished.

Grand Total: 571 creatures vanquished

Notes
Turn   | Place    | Note
-------+----------+-------------------------------------------
     0 | D:1      | Smoke131 the Ogre Gladiator began the quest for the Orb.
     0 | D:1      | Reached XP level 1. HP: 22/22 MP: 1/1
   163 | D:1      | Reached XP level 2. HP: 31/31 MP: 2/2
   377 | D:1      | Reached skill level 3 in Throwing
   377 | D:1      | Reached XP level 3. HP: 37/37 MP: 3/3
   689 | D:2      | Found a faded altar of an unknown god.
  1100 | D:2      | Reached XP level 4. HP: 41/45 MP: 4/4
  1135 | D:2      | Found The Oracle's Delphic Readings.
  1257 | D:2      | Reached skill level 4 in Throwing
  1960 | D:3      | Reached XP level 5. HP: 14/53 MP: 5/5
  2273 | D:3      | Found Eptinydu's Antique Weapon Emporium.
  2524 | D:3      | Reached skill level 5 in Throwing
  3243 | D:4      | Reached XP level 6. HP: 45/61 MP: 6/6
  3250 | D:4      | Reached skill level 6 in Throwing
  3445 | D:4      | Found a staircase to the Ecumenical Temple.
  3457 | Temple   | Entered the Ecumenical Temple
  3458 | Temple   | Noticed Bast the pandemonium lord
  3459 | Temple   | Noticed Piluy the pandemonium lord
  3459 | Temple   | Noticed a chaos spawn
  3459 | Temple   | Noticed Neestoli the pandemonium lord
  3462 | Temple   | Noticed Tuadefa the pandemonium lord
  3473 | Temple   | Noticed a neqoxec
  3478 | Temple   | Noticed a Hell Sentinel
  3552 | Temple   | Noticed Raniv the pandemonium lord
  3552 | Temple   | Noticed an Ice Fiend
  3552 | Temple   | Noticed a green death
  3569 | Temple   | Noticed a Brimstone Fiend
  3570 | Temple   | Noticed Nyxkehun the pandemonium lord
  3571 | Temple   | Noticed a neqoxec
  3583 | Temple   | Became a worshipper of Warmaster Okawaru
  3783 | D:4      | Found a broken altar of Ashenzari.
  3795 | D:4      | Reached skill level 1 in Invocations
  3825 | D:4      | Found a stormy altar of Qazlal.
  3828 | D:4      | Found a burning altar of Makhleb.
  3831 | D:4      | Found a white marble altar of Elyvilon.
  3896 | D:5      | Entered Level 5 of the Dungeon
  3998 | D:5      | Reached XP level 7. HP: 57/67 MP: 8/8
  4181 | D:5      | Reached * piety under Okawaru
  4182 | D:5      | Reached skill level 7 in Throwing
  4291 | D:5      | Noticed a two-headed ogre
  4327 | D:5      | Killed a two-headed ogre
  4328 | D:5      | Reached skill level 8 in Throwing
  4328 | D:5      | Reached skill level 5 in Invocations
  4328 | D:5      | Reached XP level 8. HP: 74/75 MP: 9/12
  4336 | D:5      | Reached ** piety under Okawaru
  4395 | D:5      | You are sucked into a shaft and drop 1 floor!
  5256 | D:2      | Bought a scroll of brand weapon for 133 gold pieces
  5524 | D:6      | Noticed a yak
  5620 | D:5      | Reached skill level 9 in Throwing
  5653 | D:6      | Reached XP level 9. HP: 29/81 MP: 14/14
  6176 | D:6      | Reached *** piety under Okawaru
  6323 | D:6      | Reached skill level 10 in Throwing
  6362 | D:6      | Found a shimmering altar of Xom.
  6805 | D:6      | Found a sacrificial altar of Ru.
  6946 | D:6      | Noticed a kobold demonologist
  6951 | D:6      | Noticed an orange demon
  6953 | D:6      | Noticed an ice devil
  6955 | D:6      | Noticed a hellwing
  6987 | D:6      | Killed a kobold demonologist
  6987 | D:6      | Received a gift from Okawaru
  6988 | D:6      | Reached XP level 10. HP: 78/91 MP: 15/17
  7052 | D:6      | Reached skill level 11 in Throwing
  7613 | D:7      | Reached skill level 10 in Invocations
  7905 | D:7      | Reached **** piety under Okawaru
  8061 | D:7      | Reached skill level 12 in Throwing
  8280 | D:7      | Found a basalt altar of Yredelemnul.
  8675 | D:8      | Found a sand-covered staircase.
  8682 | Ossuary  | Entered an ossuary
  8846 | Ossuary  | Reached skill level 13 in Throwing
  9449 | D:8      | Noticed a death yak
  9497 | D:8      | Killed a death yak
  9498 | D:8      | Reached skill level 14 in Throwing
  9745 | D:8      | Reached ***** piety under Okawaru
  9901 | D:8      | Noticed a two-headed ogre
 10205 | D:8      | Found a runed translucent gate.
 10206 | D:8      | Found a runed translucent gate.
 10207 | D:8      | Found a runed translucent gate.
 10209 | D:8      | Noticed Palms's ghost (novice FoEE)
 10329 | D:8      | Killed a two-headed ogre
 10329 | D:8      | Identified the +1 animal skin of Okawaru, Inviting {rElec
                  | Stlth+} (Okawaru gifted it to you on level 8 of the
                  | Dungeon)
 10329 | D:8      | Received a gift from Okawaru
 10330 | D:8      | Reached skill level 15 in Throwing
 10330 | D:8      | Reached XP level 11. HP: 89/97 MP: 18/18
 10398 | D:8      | Reached skill level 16 in Throwing
 11301 | D:8      | Killed Palms's ghost
 11429 | D:9      | Found a staircase to the Lair.
 11429 | D:9      | Noticed a two-headed ogre
 11455 | D:8      | Reached skill level 17 in Throwing
 11610 | D:9      | Identified the +8 quarterstaff of Vebaf {elec, rC+ Dex+3
                  | SInv Stlth+}
 11631 | D:9      | Reached skill level 1 in Staves
 11831 | D:9      | Killed a two-headed ogre
 12010 | D:8      | Reached skill level 5 in Staves
 12207 | D:9      | Found a staircase to the Orcish Mines.
 12652 | Lair:1   | Entered Level 1 of the Lair of Beasts
 12919 | Lair:1   | Reached XP level 12. HP: 85/105 MP: 19/19
 12947 | Lair:1   | Received a gift from Okawaru
 13137 | Lair:1   | Received a gift from Okawaru
 13140 | Lair:1   | Identified the +0 cloak "Foplykk" {Dex+3}
 14220 | Lair:2   | Found a staircase to the Swamp.
 14283 | Lair:2   | Noticed a six-headed hydra
 14287 | Lair:2   | Killed a six-headed hydra
 14408 | Lair:2   | Reached skill level 10 in Staves
 14412 | Lair:2   | Reached skill level 18 in Throwing
 14595 | Lair:2   | Noticed a death yak
 14595 | Lair:2   | Noticed a death yak
 14597 | Lair:2   | Noticed a death yak
 14605 | Lair:2   | Noticed a death yak
 14632 | Lair:2   | Killed a death yak
 14815 | Lair:2   | Found a hole to the Spider Nest.
 14911 | Lair:2   | Killed a death yak
 14916 | Lair:2   | Killed a death yak
 14952 | Lair:2   | Killed a death yak
 15208 | Lair:2   | Noticed a four-headed hydra
 15249 | Lair:2   | Killed a four-headed hydra
 15250 | Lair:2   | Reached XP level 13. HP: 83/111 MP: 20/20
 16051 | Lair:3   | Received a gift from Okawaru
 16670 | Lair:3   | Learned a level 2 spell: Blink
 16718 | Lair:4   | Found a staircase to the Slime Pits.
 16771 | Lair:4   | Reached skill level 1 in Translocations
 16957 | Lair:4   | Received a gift from Okawaru
 16958 | Lair:4   | Reached ****** piety under Okawaru
 17156 | Lair:4   | Found a glowing silver altar of Zin.
 17484 | Lair:5   | Entered Level 5 of the Lair of Beasts
 17733 | Lair:5   | Reached skill level 19 in Throwing
 17777 | Lair:5   | Identified the +2 halberd of Imminent Death {distort,
                  | Dex+2} (Okawaru gifted it to you on level 5 of the Lair of
                  | Beasts)
 17777 | Lair:5   | Received a gift from Okawaru
 18479 | Lair:5   | Identified the +10 trident of Agufororch {vamp, rN+ Will+
                  | rCorr Str-3}
 18907 | Lair:5   | Received a gift from Okawaru
 19051 | Lair:5   | Reached XP level 14. HP: 120/120 MP: 21/21
 19095 | Lair:5   | Received a gift from Okawaru
 19398 | Lair:5   | Reached skill level 1 in Spellcasting
 19432 | Lair:5   | Reached skill level 5 in Translocations
 19501 | Lair:5   | Found a corrupted altar of Lugonu.
 19501 | Lair:5   | Found a one-way gate to the infinite horrors of the Abyss.
 19501 | Lair:5   | Found the brooch of Shielding {Spirit SH+8}
 19979 | Orc:1    | Entered Level 1 of the Orcish Mines
 20064 | D:9      | Identified the +1 robe of Optug {Int+3 Dex+2} (Okawaru
                  | gifted it to you on level 9 of the Dungeon)
 20064 | D:9      | Received a gift from Okawaru
 20588 | Orc:2    | Entered Level 2 of the Orcish Mines
 20588 | Orc:2    | Found a staircase to the Elven Halls.
 21364 | Orc:1    | HP: 6/120 [two-headed ogre/+0 dire flail (16)]
 21760 | Orc:1    | Reached skill level 5 in Spellcasting
 22075 | Orc:2    | Found Notum's Antique Armour Emporium.
 22076 | Orc:2    | Found Lehidoec's Distillery.
 22092 | Orc:2    | Found Tupeame's Weapon Shop.
 22097 | Orc:2    | Found Ebesedogh's Book Shoppe.
 22146 | Orc:2    | Bought a glowing cloak for 195 gold pieces
 22151 | Orc:2    | Bought a potion of berserk rage for 80 gold pieces
 22151 | Orc:2    | Bought a potion of heal wounds for 80 gold pieces
 22151 | Orc:2    | Bought a potion of heal wounds for 80 gold pieces
 22356 | Swamp:1  | Entered Level 1 of the Swamp
 22363 | Swamp:1  | Noticed an eleionoma
 22369 | Swamp:1  | Killed an eleionoma
 22370 | Swamp:1  | Reached skill level 20 in Throwing
 22378 | Swamp:1  | Found a basalt altar of Yredelemnul.
 22578 | Swamp:1  | Received a gift from Okawaru
 22730 | Swamp:1  | HP: 6/124 [spriggan rider/+0 spear (13)]
 22735 | Swamp:1  | Received a gift from Okawaru
 22736 | Swamp:1  | Reached skill level 5 in Fighting
 22741 | Swamp:1  | Demolished by a spriggan rider

Illustrated notes

Levels and vault maps discovered:
D:1:      dpeg_arrival_snail, layout_basic, dreamdust_princess_corridor
D:2:      wad_crossroads, layout_basic, basic_ecumenical_altar,
          nicolae_nh_oracle_at_delphi
D:3:      layout_loops_corners, serial_shops, shop
D:4:      layout_rooms, grunt_temple_overflow_cloverleaf,
          minmay_temple_entry_large_hall
D:5:      minmay_angry_zag, layout_basic, minmay_misc_feat_rows,
          corexii_item_surrounded_by_moat
D:6:      layout_cave_pools, mainiacjoe_overflow_swirl, hangedman_decor_points,
          minmay_manual_mullet
D:7:      layout_rooms, mainiacjoe_overflow_surrounded_room,
          columned_hall_lemuel
D:8:      layout_layer_cave, chequers_ossuary_entry_cave,
          ebering_ghost_rock_garden, serial_ice, serial_ice_e, serial_ice_l,
          serial_ice_h, serial_ice_o, serial_ice_a, serial_ice_c
D:9:      layout_roguey, erik_lair_orcish_takeover, orc_david_3,
          water_boxes_lemuel
Temple:   nicolae_temple_panitentiary
Lair:1:   layout_gridlike
Lair:2:   layout_layer_cave, swamp_mist, spider_nest_entry_rubble,
          serial_bayou_pond_d, st_stairs_4, grunt_megastairs_5
Lair:3:   layout_cave_pods
Lair:4:   layout_long_grid, slime_entry_1, basic_altar, nicolae_lair_lil_pond,
          chequers_serial_rivers_marsh
Lair:5:   hellmonk_lair_end_abyssal_woods, layout_cave_pods,
          infiniplex_staircase_pool, grunt_megastairs_3
Swamp:1:  layout_falls_marsh, basic_altar, swamp_pool1,
          nicolae_swamp_necromancy_gone_wrong, infiniplex_staircase_pool_2
Orc:1:    layout_caves, nicolae_orc_bridge_out
Orc:2:    st_orc_open, layout_diamond_mine

Skill      XL: |  1  2  3  4  5  6  7  8  9 10 11 12 13 14 |
---------------+-------------------------------------------+-----
Fighting       | 3 5 |  5.0
Dodging        | 3 4 |  4.0
Throwing       | 3 4 5 6 8 9 10 15 17 18 19 20 | 20.0
Invocations    | 2 5 7 9 10 | 10.0
Staves         | 8 11 12 13 | 13.8
Translocations | 4 6 |  6.0
Spellcasting   | 5 |  5.0
Polearms       | |  3.0

Action                     |  1- 3 |  4- 6 |  7- 9 | 10-12 | 13-15 || total
---------------------------+-------+-------+-------+-------+-------++-------
  Melee: Trident           |    77 |       |       |       |       ||    77
         Dagger            |    35 |   207 |   193 |   453 |       ||   888
         Punch             |     1 |     2 |     1 |     7 |       ||    11
         Quarterstaff      |       |       |       |   220 |   374 ||   594
  Throw: Dart              |       |    13 |     4 |    24 |     8 ||    49
         Stone             |       |     5 |    13 |    31 |    37 ||    86
         Javelin           |       |       |     6 |    14 |    14 ||    34
         Large rock        |       |       |     5 |   119 |   223 ||   347
         Boomerang         |       |       |    27 |    33 |    60 ||   120
         Throwing net      |       |       |       |     5 |     4 ||     9
   Cast: Blink             |       |       |       |       |     2 ||     2
 Invoke: Finesse           |       |       |       |       |     2 ||     2
         Heroism           |       |       |       |       |     1 ||     1
  Evoke: Wand              |       |       |    10 |     4 |       ||    14
    Use: Scroll            |       |    11 |     4 |    13 |     9 ||    37
         Potion            |       |     3 |     1 |     8 |     5 ||    17
   Stab: Sleeping          |     2 |       |     1 |     1 |       ||     4
         Invisible         |       |       |       |     2 |       ||     2
 Armour: Robe              |    39 |    48 |    22 |       |       ||   109
         Steam dragon scal |       |       |    41 |   161 |       ||   202
         Troll leather arm |       |       |       |    75 |    87 ||   162
  Dodge: Dodged            |    84 |   116 |    89 |   415 |   203 ||   907
  Block: Other             |       |       |    27 |   206 |    98 ||   331
         Reflection        |       |       |       |     2 |     1 ||     3

Table legend: (Time is in decaauts)
 A = Elapsed time spent in this place.
 B = Non-inter-level travel time spent in this place.
 C = Inter-level travel time spent in this place.
 D = Time resting spent in this place.
 E = Time spent auto-exploring this place.
 F = Levels seen in this place.
 G = Mean time per level.
                   A        B        C        D        E       F      G
               +--------+--------+--------+--------+--------+-----+--------+
         Total |  22593 |  21828 |    765 |   3565 |  10691 |  19 | 1189.1 |
       Dungeon |  12168 |  11726 |    442 |   2280 |   5900 |   9 | 1352.0 |
        Temple |    217 |    217 |      0 |     33 |    110 |   1 |  217.0 |
          Lair |   7273 |   6995 |    278 |    688 |   3833 |   5 | 1454.6 |
         Swamp |    378 |    378 |      0 |     71 |     69 |   1 |  378.0 |
  Orcish Mines |   2051 |   2006 |     45 |    360 |    747 |   2 | 1025.5 |
       Ossuary |    503 |    503 |      0 |    133 |     32 |   1 |  503.0 |
               +--------+--------+--------+--------+--------+-----+--------+

Top non-repeatable levels by time:
     D:8: 2358 daAuts
  Lair:5: 2194 daAuts
     D:5: 1828 daAuts
  Lair:2: 1734 daAuts
     D:6: 1580 daAuts
     D:7: 1477 daAuts
  Lair:1: 1458 daAuts
     D:3: 1389 daAuts
     D:9: 1143 daAuts
   Orc:1: 1098 daAuts
     D:2: 1028 daAuts
  Lair:3: 986 daAuts
   Orc:2: 953 daAuts
  Lair:4: 900 daAuts
     D:4: 771 daAuts
